 Dungeon Crawl Stone Soup version 0.32-a0-886-g41c5271027 (webtiles) character file.

Game seed: 8555462933870262960

2385 Heh the Fighter (level 9, -3/71 HPs)
             Began as an Octopode Alchemist on Apr 3, 2024.
             Was a Priest of Okawaru.
             Slain by a centaur (4 damage)
             ... on level 7 of the Dungeon.
             The game lasted 00:07:42 (5472 turns).

Heh the Fighter (Octopode Alchemist)                Turns: 5472, Time: 00:07:43

Health: -3/71      AC:  1    Str:  7    XL:     9   Next: 45%
Magic:  10/13      EV: 12    Int: 18    God:    Okawaru [***...]
Gold:   445        SH:  0    Dex: 16    Spells: 4/16 levels left

rFire   . . .        t - +5 long sword
rCold   . . .        (no shield)
rNeg    . . .        (helmet restricted)
rPois   .            (no amulet)
rElec   .            c - ring of protection from cold
rCorr   .            i - +4 ring of slaying
SInv    +            v - ring of wizardry
Will    .....        A - ring of see invisible
Stlth   ++           (no ring)
HPRegen 0.31/turn    (no ring)
MPRegen 0.13/turn    (no ring)
                     (no ring)

%: wizardry (x1)
@: confused
A: almost no armour, amphibious, 8 rings, camouflage 1, gelatinous body 1,
(nimble swimmer 1), tentacles, see invisible, low MP 1, mutation resistance 1,
cold vulnerability 1
a: Renounce Religion, Heroism


You were on level 7 of the Dungeon.
You worshipped Okawaru.
Okawaru was most pleased with you.
You visited 1 branch of the dungeon, and saw 7 of its levels.

You collected 445 gold pieces.

Inventory:

Hand Weapons
 d - a +0 short sword of draining
 g - a +2 heavy spear
 l - a +2 dagger of electrocution
 s - a +2 dagger of freezing
 t - a +5 long sword (weapon)
 u - a +0 rapier
 B - a +2 dagger of venom
Magical Staves
 j - a staff of air
Jewellery
 c - a ring of protection from cold (left tentacle)
 i - a +4 ring of slaying (right tentacle)
 v - a ring of wizardry (on tentacle)
 A - a ring of see invisible (on tentacle)
 D - a ring of protection from cold
Wands
 h - a wand of flame (19)
 x - a wand of warping (15)
 C - a wand of light (5)
Scrolls
 b - 2 scrolls of vulnerability {unknown}
 e - 2 scrolls of amnesia {unknown}
 f - 5 scrolls of identify {unknown}
 n - 3 scrolls of teleportation {unknown}
 o - a scroll of immolation {unknown}
 p - 2 scrolls of poison {unknown}
 w - a scroll of torment {unknown}
 y - a scroll of silence {unknown}
 E - a scroll of fog {unknown}
Potions
 a - 2 potions of magic
 k - a potion of heal wounds {unknown}
 m - a potion of enlightenment {unknown}
 q - a potion of ambrosia {unknown}
 r - 2 potions of brilliance


   Skills:
 + Level 10.8 Fighting
 + Level 0.0 Long Blades
 * Level 2.0 Dodging
 - Level 2.6 Stealth
 - Level 4.0 Spellcasting
 - Level 1.0 Conjurations
 - Level 6.0 Alchemy


You had 4 spell levels left.
You knew the following spells:

 Your Spells              Type           Power      Damage    Failure   Level
a - Sting                 Conj/Alch      64%        1d7       1%          1
b - Mephitic Cloud        Conj/Alch/Air  12%        N/A       7%          3
c - Olgreb's Toxic Radia  Alch           25%        N/A       4%          4
d - Sticky Flame          Fire/Alch      14%        2d5       16%         4

Your spell library contained the following spells:

 Spells                   Type           Power      Damage    Failure   Level
 Mercury Vapours          Alch/Air       28%        N/A       2%          2
 Sandblast                Erth           6%         2d5       6%          1
 Scorch                   Fire           6%         2d5       9%          2
 Stone Arrow              Conj/Erth      10%        3d7       14%         3
 Fugue of the Fallen      Necr           3%         N/A       17%         3
 Ozocubu's Armour         Ice            3%         N/A       17%         3
 Brom's Barrelling Bould  Conj/Erth      5%         2d3       41%         4
 Flame Wave               Conj/Fire      5%         2d5       41%         4
 Manifold Assault         Tloc           1%         N/A       100%        7
 Summon Cactus Giant      Summ           Unusable   N/A       N/A         6

Dungeon Overview and Level Annotations

Branches:
Dungeon (7/15)             Temple (0/1) D:4

Altars:
Hepliaklqana
Kikubaaqudgha
Okawaru
Sif Muna

Annotations:
D:4 3 runed translucent doors, RoseCult's ghost, amateur GrFi


Innate Abilities, Weirdness & Mutations

You cannot wear most types of armour.
You are amphibious.
You can wear up to eight rings at the same time.
Your skin changes colour to match your surroundings (Stealth+).
Your rubbery body absorbs attacks. (AC +1, EV +1)
((You are camouflaged when in or above water. (Stealth+)))
You have tentacles for arms and can constrict up to eight enemies at once.
You have supernaturally acute eyesight. (SInv)
Your magical capacity is low. (-10% MP)
You are somewhat resistant to further mutation.
You are vulnerable to cold. (rC-)


Message History

You are too injured to fight recklessly!
You are too injured to fight recklessly!
You are too injured to fight recklessly!
You are too injured to fight recklessly!
You are too injured to fight recklessly!
You are too injured to fight recklessly!
You are too injured to fight recklessly!
The centaur shoots an arrow.
The arrow closely misses you.
The centaur shoots an arrow.
The arrow hits you!!
* * * LOW HITPOINT WARNING * * *
The arrow freezes you!
* * * LOW HITPOINT WARNING * * *
The centaur unwields a +1 orcbow of freezing.
The centaur closely misses you. x2
Okay, then.
You slash the centaur! You squeeze the centaur.
The centaur is heavily wounded.
The centaur misses you. The centaur kicks you.
* * * LOW HITPOINT WARNING * * *
The centaur hits you.
* * * LOW HITPOINT WARNING * * *
The centaur kicks you.
* * * LOW HITPOINT WARNING * * *
Okay, then.
Casting: Sting (safe; 1% risk of failure)
Confirm with . or Enter, or press ? or * to list all spells.
Okay, then.
Casting: Sting (safe; 1% risk of failure)
Confirm with . or Enter, or press ? or * to list all spells.
Aiming: Mephitic Cloud (dangerous; 7% risk of failure)
Press: ? - help, Shift-Dir - straight line, f - centaur
Aim: a centaur (heavily wounded, chance to affect: 81%)
The ball explodes into a vile cloud!
The stinking cloud engulfs the centaur.
The centaur is heavily wounded.
The stinking cloud engulfs you.
You are engulfed in noxious fumes.
You choke on the stench!
You are confused.
The centaur is engulfed in noxious fumes.
The centaur appears confused.
The centaur hits you.
You die...

..#......# #.##. .
..#......# #....###.#
...)..<..# # #......#.# #
..)....#.# #.#.....)..#.#..
..)).....# #.#.####)#......
......####.#.....!..).#
.............#.#.##...#
.........#...#.#......#
.....#########.#@#....#
...............#c##...#
##..#######....ยงยงยง......
........# #.####.####.##
.#.###..###.#<##.# .#
.#.............#.# #
##########.#..#.# #.#..#.#
#.# .#


You could see a centaur (confused).

Vanquished Creatures
  Maggie (D:6)
  Grinder (D:6)
  Menkaure (D:5)
  Edmund (D:6)
  A water moccasin (D:6)
  A black bear (D:5)
  3 ice beasts
  An ogre (D:4)
  The ghost of EvilEddieB the Ducker, an amateur DsGl (D:3)
  A centaur (D:7)
  Blork the orc (D:5)
  A bullfrog (D:6)
  A scorpion (D:5)
  3 wights (D:6)
  2 hounds
  A jelly (D:5)
  6 orc priests
  4 sleepcaps
  3 orc wizards
  8 adders
  A white imp (D:6)
  A dart slug (D:1)
  A ribbon worm (D:3)
  8 orcs
  5 ball pythons
  2 bats (D:1)
  5 endoplasms
  2 giant cockroaches
  6 goblins
  4 hobgoblins
  2 jackals (D:2)
  3 quokkas
  7 frilled lizards
  7 kobolds
  6 rats
102 creatures vanquished.

Notes
Turn   | Place    | Note
-------+----------+-------------------------------------------
     0 | D:1      | Heh the Octopode Alchemist began the quest for the Orb.
     0 | D:1      | Reached XP level 1. HP: 11/11 MP: 3/3
    35 | D:1      | Reached skill level 1 in Fighting
    35 | D:1      | Reached XP level 2. HP: 18/18 MP: 1/5
   595 | D:1      | Reached XP level 3. HP: 23/23 MP: 6/6
   760 | D:2      | Reached skill level 2 in Fighting
  1184 | D:3      | Found an iron altar of Okawaru.
  1187 | D:3      | Reached XP level 4. HP: 27/29 MP: 7/7
  1202 | D:3      | Found a runed translucent door.
  1203 | D:3      | Noticed EvilEddieB's ghost (amateur DsGl)
  1564 | D:3      | Found a runed translucent door.
  1603 | D:3      | Became a worshipper of Warmaster Okawaru
  2071 | D:3      | Reached skill level 3 in Fighting
  2071 | D:3      | Reached XP level 5. HP: 34/36 MP: 8/8
  2078 | D:3      | Killed EvilEddieB's ghost
  2079 | D:3      | Reached skill level 5 in Alchemy
  2180 | D:4      | Found a staircase to the Ecumenical Temple.
  2202 | D:4      | Found a runed translucent gate.
  2202 | D:4      | Found a runed translucent gate.
  2202 | D:4      | Found a runed translucent gate.
  2203 | D:4      | Noticed RoseCult's ghost (amateur GrFi)
  2217 | D:4      | Noticed an ogre
  2222 | D:4      | Killed an ogre
  2223 | D:4      | Reached skill level 4 in Fighting
  2223 | D:4      | Reached XP level 6. HP: 43/43 MP: 9/9
  2318 | D:4      | Learned a level 3 spell: Mephitic Cloud
  2323 | D:4      | Learned a level 4 spell: Olgreb's Toxic Radiance
  2481 | D:4      | Found an ancient bone altar of Kikubaaqudgha.
  2835 | D:5      | Entered Level 5 of the Dungeon
  2962 | D:5      | Reached * piety under Okawaru
  2985 | D:5      | Found a shimmering blue altar of Sif Muna.
  2988 | D:5      | Noticed Menkaure
  2994 | D:5      | Killed Menkaure
  2995 | D:5      | Reached skill level 5 in Fighting
  2995 | D:5      | Reached XP level 7. HP: 24/50 MP: 9/11
  3305 | D:5      | Reached skill level 6 in Fighting
  3450 | D:5      | Noticed Blork the orc
  3458 | D:5      | Killed Blork the orc
  3458 | D:5      | Reached ** piety under Okawaru
  3605 | D:5      | Found a hazy altar of Hepliaklqana.
  3674 | D:5      | Reached XP level 8. HP: 58/58 MP: 13/13
  3968 | D:6      | Noticed Grinder
  3971 | D:6      | Paralysed by Grinder for 5 turns
  3992 | D:6      | Killed Grinder
  3993 | D:6      | Reached skill level 7 in Fighting
  4108 | D:6      | Reached skill level 8 in Fighting
  4397 | D:6      | Reached *** piety under Okawaru
  4508 | D:6      | Noticed Maggie
  4516 | D:6      | Gained mutation: Your magical capacity is low. (-10% MP)
                  | [potion of mutation]
  4516 | D:6      | Gained mutation: You are vulnerable to cold. (rC-) [potion
                  | of mutation]
  4516 | D:6      | Gained mutation: You are somewhat resistant to further
                  | mutation. [potion of mutation]
  4516 | D:6      | Gained mutation: You have supernaturally acute eyesight.
                  | (SInv) [potion of mutation]
  4524 | D:6      | Killed Maggie
  4525 | D:6      | Reached skill level 9 in Fighting
  4525 | D:6      | Reached XP level 9. HP: 21/69 MP: 13/13
  4707 | D:6      | Noticed Edmund
  4718 | D:6      | Killed Edmund
  4719 | D:6      | Reached skill level 10 in Fighting
  5347 | D:7      | Learned a level 4 spell: Sticky Flame
  5469 | D:7      | HP: 3/71 [centaur/arrow (8)]
  5471 | D:7      | HP: 1/71 [centaur (1)]
  5472 | D:7      | Slain by a centaur

Illustrated notes

Levels and vault maps discovered:
D:1:      wander_arrival_desolate, layout_basic, minmay_tetromino_s4
D:2:      layout_basic, st_stairs_8
D:3:      layout_basic, old_standard_altar, ebering_ghost_sewer_f,
          minmay_statues_item
D:4:      layout_rooms, mainiacjoe_overflow_alcove_2, minmay_temple_entry_mist,
          gammafunk_ghost_necromancy, due_unseen_surprise
D:5:      layout_gridville, mainiacjoe_overflow_small_starburst,
          worldfamousw_hep_ancestral_shrine, uniq_blork_the_orc, uniq_menkaure
D:6:      layout_gridville, uniq_maggie, uniq_edmund, uniq_grinder
D:7:      layout_basic, nicolae_overflow_hidden_temple

Skill      XL: |  1  2  3  4  5  6  7  8  9 |
---------------+----------------------------+-----
Fighting       | 1 2 3 4 5 6 9 10 | 10.8
Alchemy        | 4 5 6 |  6.0
Spellcasting   | 3 4 |  4.0
Dodging        | |  2.0
Stealth        | |  2.6
Conjurations   | |  1.0

Action                     |  1- 3 |  4- 6 |  7- 9 || total
---------------------------+-------+-------+-------++-------
  Melee: Constrict         |     7 |    14 |    22 ||    43
         Unarmed           |     3 |       |       ||     3
         Tentacles         |     4 |    15 |    26 ||    45
         Short sword       |    12 |       |       ||    12
         Spear             |    11 |       |       ||    11
         Dagger            |    27 |    47 |    62 ||   136
         Long sword        |       |       |    21 ||    21
   Cast: Sting             |     3 |       |       ||     3
         Mephitic Cloud    |       |       |     1 ||     1
  Evoke: Wand              |       |       |     3 ||     3
    Use: Potion            |       |       |     6 ||     6
   Stab: Sleeping          |     9 |     3 |     3 ||    15
         Distracted        |     1 |       |       ||     1
 Armour: Skin              |    11 |    16 |    61 ||    88
  Dodge: Dodged            |    19 |    19 |    61 ||    99

Table legend: (Time is in decaauts)
 A = Elapsed time spent in this place.
 B = Non-inter-level travel time spent in this place.
 C = Inter-level travel time spent in this place.
 D = Time resting spent in this place.
 E = Time spent auto-exploring this place.
 F = Levels seen in this place.
 G = Mean time per level.
                   A        B        C        D        E       F      G
               +--------+--------+--------+--------+--------+-----+--------+
         Total |   5481 |   5283 |    198 |      0 |   4580 |   7 |  783.0 |
       Dungeon |   5481 |   5283 |    198 |      0 |   4580 |   7 |  783.0 |
               +--------+--------+--------+--------+--------+-----+--------+

Top non-repeatable levels by time:
     D:6: 1538 daAuts
     D:3: 995 daAuts
     D:5: 906 daAuts
     D:4: 674 daAuts
     D:1: 642 daAuts
     D:2: 524 daAuts
     D:7: 198 daAuts
